 Dungeon Crawl Stone Soup version 0.23-a0-296-ga3b1b28 (webtiles) character file.

114 mhoghedin the Bolt Thrower (level 5, 0/33 HPs)
             Began as a Kobold Hunter on Oct 5, 2018.
             Was a Follower of Zin.
             Slain by a water moccasin (9 damage)
             ... on level 3 of the Dungeon.
             The game lasted 00:03:34 (2050 turns).

mhoghedin the Bolt Thrower (Kobold Hunter)          Turns: 2050, Time: 00:03:34

Health: 0/33       AC:  3    Str: 15    XL:     5   Next: 19%
Magic:  5/5        EV: 16    Int: 13    God:    Zin [*.....]
Gold:   84         SH:  0    Dex: 15    Spells: 4/4 levels left

rFire    . . .     SeeInvis .   a - +1 hand crossbow
rCold    . . .     Gourm    .   (shield restricted)
rNeg     . . .     Faith    .   c - +0 leather armour
rPois    .         Spirit   .   (no helmet)
rElec    .         Reflect  .   (no cloak)
rCorr    .         Harm     .   (no gloves)
MR       .....                  (no boots)
Stlth    ++........             (no amulet)
HPRegen  0.11/turn              (no ring)
MPRegen  0.09/turn              (no ring)

@: mighty, lethally poisoned (0 -> -4)
A: small, carnivore
a: Recite, Donate Gold, Renounce Religion


You were on level 3 of the Dungeon.
You worshipped Zin.
Zin was aware of your devotion.
You were not hungry.

You visited 1 branch of the dungeon, and saw 3 of its levels.

You collected 93 gold pieces.
You donated 9 gold pieces to Zin.

Inventory:

Hand Weapons
 a - a +1 hand crossbow (weapon)
 b - a +0 short sword
 m - a +0 dagger
   (You found it on level 2 of the Dungeon)
Missiles
 d - 38 bolts (quivered)
Armour
 c - a +0 leather armour (worn)
Scrolls
 g - a scroll of remove curse
 h - a scroll of magic mapping {!r}
 j - 4 scrolls of teleportation
 k - a scroll of identify
 l - a scroll of enchant armour {unknown}
Potions
 e - a potion of magic {unknown}
 i - a potion of might
Comestibles
 f - 9 rations


   Skills:
 + Level 3.7 Fighting
 + Level 5.8 Crossbows
 - Level 3.5 Dodging
 - Level 1.3 Stealth
 - Level 0.4 Invocations


You had 4 spell levels left.
You didn't know any spells.
Your spell library was empty.

Dungeon Overview and Level Annotations

Branches:
Dungeon (3/15)

Altars:
Ashenzari
Hepliaklqana
Vehumet
Zin


Innate Abilities, Weirdness & Mutations

You are small and have problems with some larger weapons.
You are carnivorous and can eat meat at any time.


Message History

A leopard gecko is nearby!
Firing (i - inventory)
d - 44 bolts (quivered)
Aim: a leopard gecko (clinging, hasn't noticed you)
You shoot a bolt.
The bolt closely misses the leopard gecko.
The leopard gecko hisses angrily.
Firing (i - inventory)
d - 43 bolts (quivered)
Aim: a leopard gecko (clinging)
You shoot a bolt.
The bolt hits the leopard gecko but does no damage.
No target in view!
No target in view!
The leopard gecko is too close now for your liking.
There is an open door here.
A leopard gecko is nearby!
A leopard gecko is nearby!
Firing (i - inventory)
d - 42 bolts (quivered)
Aim: a leopard gecko (clinging)
You shoot a bolt.
The bolt closely misses the leopard gecko.
The leopard gecko bites you.
You take 3 damage, and have 30/33 hp.
Firing (i - inventory)
d - 41 bolts (quivered)
Aim: a leopard gecko (clinging)
You shoot a bolt. The bolt misses the leopard gecko.
The leopard gecko barely misses you. x2
Firing (i - inventory)
d - 40 bolts (quivered)
Aim: a leopard gecko (clinging)
You shoot a bolt. The bolt hits the leopard gecko.
The leopard gecko barely misses you.
Firing (i - inventory)
d - 39 bolts (quivered)
Aim: a leopard gecko (moderately wounded, clinging)
You shoot a bolt. The bolt hits the leopard gecko!
You kill the leopard gecko!
d - 40 bolts (gained 2)
You see here a leopard gecko corpse.
d - 41 bolts (gained 1)
d - 43 bolts (gained 2)
Found a stone staircase leading down.
There is a stone staircase leading up here.
f - 9 rations (gained 1)
You open the door.
There is an open door here.
l - a scroll labeled MELIMA TOPHIBB A giant cockroach comes into view.
Health restored: 33 Firing (i - inventory)
d - 43 bolts (quivered)
Aim: a giant cockroach (clinging, hasn't noticed you)
You shoot a bolt.
The bolt closely misses the giant cockroach.
Firing (i - inventory)
d - 42 bolts (quivered)
Aim: a giant cockroach You shoot a bolt.
The bolt hits the giant cockroach!
You kill the giant cockroach!
A water moccasin, a rat and an orc come into view.
There are monsters nearby!
Firing (i - inventory)
d - 41 bolts (quivered)
Aim: a rat (resting)
You shoot a bolt. The bolt hits the rat.
The water moccasin hisses angrily.
You hear a shout! x2
The rat bites you. The water moccasin bites you.
You are poisoned.
The water moccasin poisons you!
You take 9 damage, and have 24/33 hp.
MASSIVE DAMAGE!!
You clear your throat and prepare to recite. "Zin looked out upon the remains of the bastard children of Xom..."
You feel sick.
The water moccasin bites you but does no damage.
The rat barely misses you.
You take 1 damage, and have 23/33 hp. "...and declared it good that they had been..."
You feel sick.
You take 1 damage, and have 22/33 hp. "...censured.
And thus justice was done."
You finish reciting Apostates 16:32.
You feel sick. The water moccasin bites you.
You take 4 damage, and have 18/33 hp.
You feel sick.
You take 1 damage, and have 17/33 hp.
You feel sick. The water moccasin misses you.
You feel sick.
You take 1 damage, and have 16/33 hp.
It was a potion of might.
You feel very mighty all of a sudden.
The water moccasin closely misses you. x2
Firing (i - inventory)
d - 40 bolts (quivered)
Aim: a rat (severely wounded)
You shoot a bolt. The bolt hits the water moccasin!
You feel sick. The water moccasin bites you. The water moccasin misses you.
You take 6 damage, and have 10/33 hp.
Unknown command.
Firing (i - inventory)
d - 39 bolts (quivered)
Aim: a rat (severely wounded)
You shoot a bolt.
The bolt barely misses the water moccasin.
The bolt hits the rat.
You kill the rat!
You feel sick. The water moccasin bites you!
You die...

#...
#..............##
#.#.. #...
######.........#
###†. ....
#...#.....# #####'#
#...+.....# #......
#...#.....# #.##...
#.o.#.....###.##...
##(##.........##...
#S##.......#######
#@##.......#
#.##.......#
#.##.......#
#..'.......#
####.......#
#.......# #.......#
#.......# #.......#


You could see a water moccasin and an orc.

Vanquished Creatures
  2 adders (D:2)
  An ooze (D:2)
  A worm (D:2)
  5 dart slugs
  2 leopard geckos
  An orc (D:3)
  5 bats
  5 giant cockroaches
  8 goblins
  6 hobgoblins
  13 jackals
  6 frilled lizards
  7 kobolds
  9 rats
71 creatures vanquished.

Notes
Turn   | Place    | Note
-------+----------+-------------------------------------------
     0 | D:1      | mhoghedin the Kobold Hunter began the quest for the Orb.
     0 | D:1      | Reached XP level 1. HP: 12/12 MP: 1/1
   146 | D:1      | Reached skill level 5 in Crossbows
   146 | D:1      | Reached XP level 2. HP: 18/18 MP: 2/2
   268 | D:1      | Reached skill level 3 in Dodging
   275 | D:1      | Reached XP level 3. HP: 22/22 MP: 3/3
   630 | D:2      | Found a glowing silver altar of Zin.
   663 | D:2      | Found a shattered altar of Ashenzari.
   753 | D:2      | Reached skill level 3 in Fighting
   779 | D:2      | Reached XP level 4. HP: 25/28 MP: 4/4
   851 | D:2      | Became a worshipper of Zin the Law-Giver
  1058 | D:2      | Found a radiant altar of Vehumet.
  1176 | D:2      | Found a hazy altar of Hepliaklqana.
  1622 | D:3      | Reached XP level 5. HP: 24/32 MP: 5/5
  1789 | D:3      | Reached * piety under Zin
  2029 | D:3      | Noticed a water moccasin
  2050 | D:3      | Slain by a water moccasin

Vault maps used:
D:1:      saegor_arrival_simple_c
D:2:      kennysheep_six_static_rooms, vehumet_crystals,
          nicolae_overflow_crystal_walls, overflow_temple_1_default,
          overflow_temple_1_default
D:3:      first_ration, kennysheep_boxes

Skill      XL: |  1  2  3 |
---------------+----------+-----
Crossbows      | 5 |  5.8
Dodging        | 3 |  3.5
Fighting       | 3 |  3.7
Stealth        | |  1.3
Invocations    | |  0.4

Action                   |  1- 3 |  4- 6 || total
-------------------------+-------+-------++-------
Melee: Dagger            |       |     2 ||     2
 Fire: Hand crossbow     |    59 |   108 ||   167
Invok: Recite            |       |     1 ||     1
  Use: Scroll            |       |     4 ||     4
       Potion            |       |     1 ||     1
  Eat: Chunk             |       |     3 ||     3
Armor: Leather armour    |     3 |    19 ||    22
Dodge: Dodged            |    11 |    67 ||    78

Table legend:
 A = Non-vault XP
 B = Vault XP
 C = Vault XP percentage of total XP
 D = Non-vault monster count
 E = Vault monster count
 F = Vault count percentage of total count
                 A         B        C        D         E       F
            +---------+---------+-------+---------+---------+-------
      Total |     144 |      20 |  12.2 |      65 |       6 |   8.5
            +---------+---------+-------+---------+---------+-------
        D:1 |      37 |       0 |   0.0 |      17 |       0 |   0.0
        D:2 |      76 |      20 |  20.8 |      31 |       6 |  16.2
        D:3 |      31 |       0 |   0.0 |      17 |       0 |   0.0
            +---------+---------+-------+---------+---------+-------

Vault maps used:
D:1:      saegor_arrival_simple_c
D:2:      kennysheep_six_static_rooms, vehumet_crystals,
          nicolae_overflow_crystal_walls, overflow_temple_1_default,
          overflow_temple_1_default
D:3:      first_ration, kennysheep_boxes

Table legend:
 A = Turns spent in this place as a percentage of turns spent in the entire game.
 B = Non-inter-level travel turns spent in this place as a percentage of non-inter-level travel turns spent in the entire game.
 C = Inter-level travel turns spent in this place as a percentage of turns spent in this place.
 D = Turns resting spent in this place as a percentage of non-inter-level travel turns spent in this place.
 E = Turns spent auto-exploring this place as a percentage of non-inter-level travel turns spent in this place.
 F = Non-inter-level travel turns spent in this place divided by the number of levels of this place that you've seen.
                   A       B       C       D       E      F
               +-------+-------+-------+-------+-------+----------------------
         Total | 100.0 | 100.0 |   3.8 |  10.4 |  73.4 | 657.3
       Dungeon | 100.0 | 100.0 |   3.8 |  10.4 |  73.4 | 657.3
               +-------+-------+-------+-------+-------+----------------------

Table legend:
 A = Kills in this place as a percentage of kills in entire the game.
 B = Kills by you in this place as a percentage of kills by you in the entire game.
 C = Kills by friends in this place as a percentage of kills by friends in the entire game.
 D = Other kills in this place as a percentage of other kills in the entire game.
 E = Experience gained in this place as a percentage of experience gained in the entire game.
 F = Experience gained in this place divided by the number of levels of this place that you have seen.
                   A       B       C       D       E      F
               +-------+-------+-------+-------+-------+----------------------
         Total | 100.0 | 100.0 |   N/A |   N/A | 100.0 |  54.7
       Dungeon | 100.0 | 100.0 |   N/A |   N/A | 100.0 |  54.7
               +-------+-------+-------+-------+-------+----------------------
